 Dungeon Crawl Stone Soup version 0.28.0-45-g0d030f2227 (webtiles) character file.

Game seed: 15820105603678655109

30693 Diomare the Fencer (level 13, -18/109 HPs)
             Began as a Merfolk Gladiator on Apr 15, 2022.
             Was an Elder of Trog.
             Killed from afar by a shock serpent (28 damage)
             ... with a bolt of electricity
             ... on level 1 of the Snake Pit.
             The game lasted 02:20:01 (29909 turns).

Diomare the Fencer (Merfolk Gladiator)             Turns: 29909, Time: 02:20:02

Health: -18/109    AC: 16    Str: 18    XL:     13   Next: 53%
Magic:  13/13      EV:  8    Int:  9    God:    Trog [****..]
Gold:   618        SH:  5    Dex: 15    Spells: 12/12 levels left

rFire   . . .      SeeInvis +   f - +4 long sword (distort)
rCold   . . .      Faith    .   W - orb {*Rage}
rNeg    . . .      Spirit   .   G - +0 plate armour
rPois   +          Reflect  +   b - +1 helmet
rElec   .          Harm     .   (no cloak)
rCorr   .          Rampage  .   C - +2 pair of gloves
Will    .....      Rage     20% y - +0 pair of boots
Stlth   ..........              w - amulet of reflection
HPRegen 0.28/turn               U - ring of poison resistance
MPRegen 0.13/turn               q - ring of see invisible

@: on berserk cooldown, slowed, very slow
A: (nimble swimmer 2), mertail
a: Renounce Religion, Berserk, Trog's Hand, Brothers in Arms


You were on level 1 of the Snake Pit.
You worshipped Trog.
Trog was greatly pleased with you.
You visited 4 branches of the dungeon, and saw 17 of its levels.
You also visited: Bailey.

You collected 995 gold pieces.
You spent 377 gold pieces at shops.

Inventory:

Hand Weapons
 f - a +4 long sword of distortion (weapon)
 F - the +2 whip of the Devouring Ass {vorpal, rPois Will+ Dex+4}
   (You found it on level 9 of the Dungeon)

   It inflicts extra damage upon your enemies.
   Dex:       It affects your dexterity (+4).
   rPois:     It protects you from poison.
   Will:      It increases your willpower.
 I - a +2 halberd of draining
 Y - a +3 long sword of holy wrath
 Z - a +0 vorpal hunting sling
Missiles
 d - 3 throwing nets (quivered)
 g - 33 poisoned darts
Armour
 b - a +1 helmet (worn)
 c - a +3 ring mail of willpower
 p - a +1 robe of fire resistance
 t - a +1 scale mail of cold resistance
 y - a +0 pair of boots (worn)
 C - a +2 pair of gloves (worn)
 G - a +0 plate armour (worn)
 W - an orb of wrath (worn)
Magical Staves
 Q - a staff of poison
Jewellery
 a - the ring "Ilufeeme" {Fly Str-4 Int+2 Dex+2}
   (You found it on level 2 of the Lair of Beasts)

   [ring of flight]

   Str:       It affects your strength (-4).
   Int:       It affects your intelligence (+2).
   Dex:       It affects your dexterity (+2).
   Fly:       It grants you flight.
 l - a ring of willpower
 q - a ring of see invisible (right hand)
 w - an amulet of reflection (around neck)
 U - a ring of poison resistance (left hand)
 X - a ring of protection from fire
Wands
 m - a wand of polymorph (7)
 r - a wand of digging (5)
 K - a wand of paralysis (6)
Scrolls
 e - 5 scrolls of enchant armour
 h - 3 scrolls of magic mapping
 i - 4 scrolls of blinking
 j - a scroll of fear
 k - a scroll of enchant weapon
 o - a scroll of teleportation
 s - 2 scrolls of amnesia {unknown}
 v - 2 scrolls of immolation
 P - 2 scrolls of vulnerability {unknown}
 T - 3 scrolls of noise {unknown}
 V - a scroll of fog {unknown}
Potions
 n - 3 potions of flight {unknown}
 x - 3 potions of cancellation
 z - 3 potions of might
 D - 8 potions of haste
 H - 2 potions of invisibility
 J - a potion of mutation {unknown}
 L - a potion of heal wounds
 N - a potion of curing
 O - a potion of berserk rage {unknown}
Miscellaneous
 R - a phial of floods
 S - a condenser vane


   Skills:
 + Level 12.3 Fighting
 + Level 15.9 Long Blades
 * Level 13.6 Polearms
 - Level 2.0 Throwing
 - Level 0.5 Armour
 * Level 10.4 Dodging
 * Level 8.5 Stealth


You had 12 spell levels left.
You didn't know any spells.
Your spell library contained the following spells:

 Spells                   Type           Power      Damage    Failure   Level
 Animate Skeleton         Necr           0%         N/A       100%        1
 Apportation              Tloc           0%         N/A       100%        1
 Beastly Appendage        Tmut           0%         N/A       100%        1
 Sting                    Tmut/Pois      0%         1d3       100%        1
 Summon Small Mammal      Summ           0%         N/A       100%        1
 Corpse Rot               Necr/Air       0%         N/A       100%        2
 Poisonous Vapours        Pois/Air       0%         N/A       100%        2
 Wereblood                Tmut           0%         N/A       100%        2
 Call Canine Familiar     Summ           0%         N/A       100%        3
 Spider Form              Tmut/Pois      0%         N/A       100%        3
 Summon Guardian Golem    Hex/Summ       0%         N/A       100%        3
 Tukima's Dance           Hex            0%         N/A       100%        3
 Anguish                  Hex/Necr       0%         N/A       100%        4
 Olgreb's Toxic Radiance  Pois           0%         N/A       100%        4
 Alistair's Intoxication  Tmut/Pois      0%         N/A       100%        5
 Enfeeble                 Hex            0%         N/A       100%        7


Dungeon Overview and Level Annotations

Branches:
Dungeon (11/15)            Temple (1/1) D:7            Lair (4/6) D:8
  Snake (1/4) Lair:2          Orc (0/2) D:11         Bailey (visited)
  Swamp: Lair:2-4    Shoals: Lair:2-4

Altars:
Ashenzari
Cheibriados
Dithmenos
Elyvilon
Fedhas
Gozag
Hepliaklqana
Kikubaaqudgha
Makhleb
Nemelex Xobeh
Okawaru
Qazlal
Ru
Sif Muna
Trog
Uskayaw
Vehumet
Wu Jian
Xom
Yredelemnul
Zin
The Shining One
Beogh

Shops:
D:2 [   D:9 *

Annotations:
Lair:2 exclusion: oklob plant


Innate Abilities, Weirdness & Mutations

((You are very nimble when in or above water. (Stealth+, EV+, Speed+++)))
Your lower body shifts to a powerful aquatic tail in water.


Message History

The shock serpent bites you! The shock serpent shocks you!
The shock serpent shoots out a bolt of lightning at you!
The bolt of electricity hits you!
A red film seems to cover your vision as you go berserk!
You feel yourself moving faster!
You feel mighty!
You slash the shock serpent!
The shock serpent is moderately wounded.
The shock serpent blinks!
The shock serpent's electric aura discharges, shocking you!
The shock serpent shoots out a bolt of lightning at you!
The bolt of electricity hits you!!
You feel a strong urge to attack something.
Found a scroll labelled XONLEO HEASEES.
You feel your anger nearly subside.
You are no longer berserk.
You are exhausted.
You feel yourself slow down.
You see here 16 gold pieces.
The shock serpent shoots out a bolt of lightning at you!
The bolt of electricity hits you! The bolt of electricity misses you.
The shock serpent shoots out a bolt of lightning at you!
The bolt of electricity hits you! x2
* * * LOW HITPOINT WARNING * * *
You feel much better. You block the shock serpent's attack.
You miss the shock serpent.
The shock serpent is lightly wounded.
The shock serpent closely misses you. You block the shock serpent's attack.
You hit the shock serpent.
The shock serpent is moderately wounded.
The shock serpent bites you. The shock serpent shocks you!
You slice the shock serpent!!
The shock serpent is severely wounded.
The shock serpent blinks!
The shock serpent's electric aura discharges, shocking you!
* * * LOW HITPOINT WARNING * * *
The shock serpent shoots out a bolt of lightning at you!
The bolt of electricity hits you!
* * * LOW HITPOINT WARNING * * *
The shock serpent shoots out a bolt of lightning at you!
The bolt of electricity hits you!!
You die...

....#.. #.#..............
......[##.#.....)...#####
.)........S.........#
....................#
..##.#.#............#####
....!>................#.
..######...........###...
..######ยง..######........
.......@..######..####.#
.......$....... ## #.#
##.######.####.# #.. # ..#
#.#####.. .... ......#..
..### ......... ..
..###...) ?# #.###.#..
#........


You could see a shock serpent.

Vanquished Creatures
  A naga warrior (Snake:1)
  A flayed ghost (D:9)
  A manticore (D:10)
  A guardian serpent (Snake:1)
  3 black mambas (Lair:2)
  Maggie (Lair:1)
  3 elephants (Lair:2)
  10 cane toads
  An unseen horror (D:11)
  A rime drake (Lair:2)
  4 komodo dragons
  Grinder (D:3)
  A polar bear (Lair:2)
  10 blink frogs (Lair:2)
  2 wyverns
  4 wraiths
  5 shadows
  8 yaks
  2 fire bats (D:9)
  Eustachio (D:5)
  4 basilisks
  2 steam dragons
  4 nagas (Snake:1)
  An acid dragon (D:11)
  10 water moccasins
  9 orc warriors
  An ice beast (D:5)
  A black bear (D:6)
  2 ogres
  5 wolves (Lair:2)
  5 centaurs
  2 kobold brigands
  13 bullfrogs
  3 scorpions
  6 killer bees (D:10)
  4 wights (D:8)
  9 howler monkeys
  4 electric eels
  5 centaur zombies
  4 lava snakes (Lair:1)
  A hound (D:6)
  3 jellies
  9 orc priests
  2 iguanas
  A centaur skeleton (D:4)
  Ijyb (D:4)
  7 orc wizards
  A hound skeleton (D:4)
  A howler monkey zombie (D:6)
  2 adders
  16 gnolls
  A white imp (D:5)
  3 worms
  A dart slug (D:3)
  43 orcs
  15 bats
  5 endoplasms
  3 giant cockroaches
  15 goblins
  7 hobgoblins
  2 quokkas
  3 ball pythons
  4 frilled lizards
  9 kobolds
  9 rats
  A bush (D:3)
320 creatures vanquished.

Vanquished Creatures (others)
  An orc wizard (D:9)
  A fungus (Lair:1)
  55 plants (Lair:2)
57 creatures vanquished.

Grand Total: 377 creatures vanquished

Notes
Turn   | Place    | Note
-------+----------+-------------------------------------------
     0 | D:1      | Diomare the Merfolk Gladiator began the quest for the Orb.
     0 | D:1      | Reached XP level 1. HP: 16/16 MP: 1/1
   378 | D:1      | Reached skill level 1 in Stealth
   579 | D:1      | Reached XP level 2. HP: 17/22 MP: 2/2
  1672 | D:1      | Reached XP level 3. HP: 26/27 MP: 3/3
  2216 | D:2      | Found Vais's Antique Armour Emporium.
  2500 | D:3      | Reached skill level 5 in Polearms
  2529 | D:3      | Noticed Grinder
  2595 | D:3      | Reached XP level 4. HP: 33/34 MP: 4/4
  2688 | D:3      | Found a blossoming altar of Fedhas.
  2788 | D:3      | Reached skill level 1 in Long Blades
  3235 | D:4      | Reached skill level 2 in Long Blades
  3249 | D:4      | Noticed Ijyb
  3326 | D:4      | Killed Ijyb
  3327 | D:4      | Reached XP level 5. HP: 32/40 MP: 5/5
  3522 | D:2      | Bought a shiny scale mail for 182 gold pieces
  3671 | D:3      | Paralysed by Grinder for 4 turns
  3759 | D:4      | Identified the +4 leather armour of Context {rC+ Will-
                  | Dex+4}
  4306 | D:5      | Entered Level 5 of the Dungeon
  4378 | D:5      | Reached skill level 3 in Long Blades
  4613 | D:5      | Reached XP level 6. HP: 40/47 MP: 6/6
  4933 | D:6      | Reached skill level 4 in Long Blades
  5050 | D:7      | Noticed an orc warrior
  5050 | D:7      | Noticed a water moccasin
  5087 | D:5      | Reached skill level 5 in Long Blades
  5087 | D:5      | Reached skill level 5 in Dodging
  5388 | D:6      | Reached XP level 7. HP: 43/52 MP: 7/7
  5906 | D:6      | Reached skill level 6 in Long Blades
  5965 | D:6      | Found a bloodstained altar of Trog.
  6045 | D:6      | Became a worshipper of Trog the Wrathful
  6054 | D:6      | Reached skill level 7 in Long Blades
  6066 | D:6      | Reached XP level 8. HP: 60/60 MP: 8/8
  6234 | D:6      | Reached skill level 8 in Long Blades
  6759 | D:6      | Reached skill level 9 in Long Blades
  7528 | D:7      | Found a burning altar of Makhleb.
  7879 | D:7      | You fall into a shaft and drop 2 floors!
  7915 | D:9      | Identified the +2 whip of the Devouring Ass {vorpal, rPois
                  | Will+ Dex+4}
  7996 | D:9      | Found Hihoogey's General Store.
  8001 | D:9      | Noticed a vampire
  8086 | D:9      | Banished a vampire
  8087 | D:9      | Reached XP level 9. HP: 56/66 MP: 9/9
  8176 | D:9      | Reached skill level 10 in Long Blades
  8565 | D:9      | Reached skill level 5 in Fighting
  8995 | D:9      | Reached * piety under Trog
  9045 | D:9      | Found an iron altar of Okawaru.
  9376 | D:9      | Found a shimmering altar of Xom.
  9390 | D:9      | Reached skill level 11 in Long Blades
  9517 | D:9      | Reached XP level 10. HP: 69/77 MP: 10/10
  9554 | D:9      | Found a snail-covered altar of Cheibriados.
  9558 | D:9      | Found a hide-covered altar of Uskayaw.
  9563 | D:9      | Reached skill level 12 in Long Blades
  9647 | D:9      | Found a runed translucent door.
  9669 | D:9      | Noticed a flayed ghost
  9673 | D:9      | Found an iron altar of Okawaru.
  9678 | D:9      | Found a shimmering altar of Xom.
  9691 | D:9      | Found an ancient bone altar of Kikubaaqudgha.
 10382 | D:8      | Found a flagged portal.
 10388 | Bailey   | Entered a bailey
 10415 | Bailey   | Reached ** piety under Trog
 10984 | Bailey   | Reached skill level 10 in Polearms
 10984 | Bailey   | Reached XP level 11. HP: 78/78 MP: 11/11
 11827 | D:8      | Found a staircase to the Lair.
 12399 | D:7      | Found a staircase to the Ecumenical Temple.
 12409 | Temple   | Entered the Ecumenical Temple
 13472 | Lair:1   | Entered Level 1 of the Lair of Beasts
 13742 | Lair:1   | Reached skill level 13 in Long Blades
 14798 | Lair:1   | Noticed Maggie
 14808 | Lair:1   | Killed Maggie
 17156 | Lair:2   | Reached skill level 14 in Long Blades
 17370 | Lair:2   | Reached XP level 12. HP: 89/96 MP: 12/12
 17780 | Lair:2   | Noticed a catoblepas
 17820 | Lair:2   | Banished a catoblepas
 17945 | Lair:2   | Reached *** piety under Trog
 18265 | D:5      | Reached skill level 10 in Fighting
 18509 | D:5      | Noticed Eustachio
 18518 | D:5      | Killed Eustachio
 19291 | D:3      | Killed Grinder
 19640 | D:9      | Bought an orb of wrath for 195 gold pieces
 19706 | D:10     | Entered Level 10 of the Dungeon
 20172 | D:9      | Found Faub's General Store.
 20780 | D:10     | Identified the +0 robe of Icot {rPois rN+}
 21246 | D:10     | Reached skill level 15 in Long Blades
 22092 | D:11     | Identified the +4 ring mail of Boredom {MP+9}
 22199 | D:11     | Found a staircase to the Orcish Mines.
 22205 | D:11     | Reached **** piety under Trog
 23755 | Lair:2   | Found a staircase to the Snake Pit.
 25501 | Lair:2   | Reached XP level 13. HP: 48/106 MP: 13/13
 26469 | Lair:2   | Reached skill level 10 in Dodging
 27609 | Lair:2   | You fall into a shaft and drop 2 floors!
 27992 | Lair:2   | Identified the ring "Ilufeeme" {Fly Str-4 Int+2 Dex+2}
 28001 | Lair:2   | Identified the +0 ring mail of Circular Logic {rN+ Will+}
 28358 | Snake:1  | Entered Level 1 of the Snake Pit
 28495 | Snake:1  | Noticed a naga warrior
 29194 | Snake:1  | Killed a naga warrior
 29597 | Snake:1  | Identified the +6 short sword "Lauc" {flame, Str+3}
 29892 | Snake:1  | Found the +9 sword of Zonguldrok {reap}
 29909 | Snake:1  | Killed from afar by a shock serpent

Illustrated notes

Levels and vault maps discovered:
D:1:      evilmike_arrival_hilbert_curve, layout_loops_corners, hex_medium,
          chequers_garden, grunt_decor_resistance, minmay_misc_feat_hallway
D:2:      layout_rooms, serial_shops, nicolae_shop_hallway_stairs
D:3:      layout_rooms, mainiacjoe_overflow_chevrons, uniq_grinder
D:4:      kennysheep_the_goblin_king, layout_gridville
D:5:      layout_basic, amcnicky_mini_pool_small, uniq_eustachio
D:6:      layout_basic, trog_butcher_becter, skrybe_limestone_x
D:7:      layout_layer_cave, lightli_temple_of_fire,
          minmay_temple_entry_drinking_statues
D:8:      layout_loops_ring, lair_entry_dummy, enter_bailey_3, item_on_display_a
D:9:      due_megacathedral, layout_basic, okawaru_gym_becter, serial_shops,
          shop, shop
D:10:     hellmonk_destroyed_diamonds, layout_loops_ring
D:11:     layout_basic, david_orc_5
Temple:   regret_index_temple_mists
Lair:1:   layout_cave_pods, st_stairs_6, nicolae_lair_liquid_snakes, uniq_maggie
Lair:2:   nzn_winding_woodlands_huge [nzn_winding_woodlands_5x15_sawtooth,
          nzn_winding_woodlands_5x15_pool, nzn_winding_woodlands_5x15_crooked,
          nzn_winding_woodlands_5x15_lazy_stream,
          nzn_winding_woodlands_5x15_garden,
          nzn_winding_woodlands_5x15_concentric,
          nzn_winding_woodlands_5x15_river_crossing,
          nzn_winding_woodlands_5x15_longhouse,
          nzn_winding_woodlands_5x15_parted,
          nzn_winding_woodlands_5x15_pathside_ponds,
          nzn_winding_woodlands_center_pierced_h,
          nzn_winding_woodlands_center_diamonds,
          nzn_winding_woodlands_15x15_five_gardens], layout_regular_city,
          hangedman_lair_unloving_vines, minmay_lair_oklob_items
Lair:3:   layout_regular_city, kennysheep_rathole
Lair:4:   cheibrodos_lair_river_kwai, layout_long_grid, palyth_hydra_swamp_entry
Snake:1:  layout_basic, serial_corexii_hall, chequers_hall_statues_y,
          chequers_hall_statues_wall_a, corexii_hall_statues_l, uniq_agnes

Skill      XL: |  1  2  3  4  5  6  7  8  9 10 11 12 13 |
---------------+----------------------------------------+-----
Stealth        | 1 2 3 4 7 8 |  8.5
Polearms       | 5 10 11 13 | 13.6
Long Blades    | 2 3 5 7 9 11 12 14 15 | 15.9
Fighting       | 3 4 6 8 9 11 12 | 12.3
Dodging        | 5 6 9 10 | 10.4
Throwing       | |  2.0
Armour         | |  0.5

Action                   |  1- 3 |  4- 6 |  7- 9 | 10-12 | 13-15 || total
-------------------------+-------+-------+-------+-------+-------++-------
Melee: Trident           |    85 |       |       |       |       ||    85
       Long sword        |    16 |    77 |   149 |   555 |   184 ||   981
       Punch             |       |     1 |     4 |     7 |       ||    12
       Tailslap          |       |       |       |     5 |     1 ||     6
  Use: Scroll            |     2 |     3 |     3 |     6 |     5 ||    19
       Potion            |       |     3 |     7 |     3 |     5 ||    18
 Stab: Sleeping          |     2 |       |       |       |       ||     2
Armor: Leather armour    |     8 |       |       |       |       ||     8
       Ring mail         |    20 |    14 |       |       |       ||    34
       Scale mail        |       |    14 |    34 |       |       ||    48
       Plate armour      |       |       |    35 |   217 |    75 ||   327
       Skin              |       |       |     1 |     1 |       ||     2
Dodge: Dodged            |    76 |    58 |    70 |   144 |    48 ||   396
Block: Other             |       |       |    22 |    65 |       ||    87
       Reflection        |       |       |     5 |     7 |     1 ||    13
       Orb               |       |       |       |    42 |    40 ||    82
